 Dungeon Crawl Stone Soup version 0.21.0-3-g78d12a8 (webtiles) character file.

100883 nuthulu the Bludgeoner (level 16, 0/157 HPs)
             Began as a Gargoyle Fighter on Jan 11, 2018.
             Was the Champion of Okawaru.
             Slain by a salamander
             ... wielding a +0 glaive
              (15 damage)
             ... on level 3 of the Snake Pit.
             The game lasted 01:02:36 (27994 turns).

nuthulu the Bludgeoner (Gargoyle Fighter)          Turns: 27994, Time: 01:02:38

Health: 0/157      AC: 30    Str: 23    XL:     16   Next: 29%
Magic:  13/14      EV: -1    Int: 11    God:    Okawaru [******]
Gold:   277        SH: 21    Dex: 11    Spells: 15/15 levels left

rFire    . . .     SeeInvis .   A - +8 morningstar (freeze)
rCold    . . .     Gourm    +   c - +5 shield
rNeg     + + +     Faith    .   (armour currently unavailable)
rPois    ∞         Spirit   .   (helmet currently unavailable)
rElec    .         Reflect  .   (cloak currently unavailable)
rCorr    .         Harm     .   (gloves currently unavailable)
MR       ++...     NoTele   +   (boots currently unavailable)
Stlth    +++.......             D - amulet of the gourmand
HPRegen  0.36/turn              g - +2 ring of protection
MPRegen  0.14/turn              w - ring of protection from magic

@: tree-form, heroism, constricted, studying Armour
A: low mp 1, negative energy resistance 1, petrification resistance, no potion
heal 1, rot immunity, AC +12
a: Heroism, Finesse, Renounce Religion


You were on level 3 of the Snake Pit.
You worshipped Okawaru.
Okawaru was exalted by your worship.
You were very full.
You were a tree.
You visited 4 branches of the dungeon, and saw 21 of its levels.
You visited the Abyss 1 time.
You also visited: Labyrinth.

You collected 2075 gold pieces.
You spent 1798 gold pieces at shops.

Inventory:

Hand Weapons
 i - a +0 morningstar of draining
 A - a +8 morningstar of freezing (weapon)
Armour
 c - a +5 shield (worn)
 h - a +0 pair of gloves (melded)
 z - a +2 helmet of see invisible (melded)
 L - a +2 crystal plate armour
 O - the +10 plate armour "Qitam" (melded) {+Blink rElec MR+}
   (Okawaru gifted it to you on level 6 of the Lair of Beasts)

   It insulates you from electricity.
   It affects your resistance to hostile enchantments.
   It lets you blink.
 P - a scarf of cloud immunity (melded)
Jewellery
 g - a +2 ring of protection (left branch)
 j - an uncursed ring of resist corrosion
 s - a +1 ring of evasion
 u - an uncursed amulet of rage
 w - a ring of protection from magic (right branch)
 D - an amulet of the gourmand (around neck)
Wands
 b - a wand of polymorph (43)
 q - a wand of iceblast (9)
 r - a wand of random effects (90)
 C - a wand of flame (59)
 E - a wand of digging (18)
 H - a wand of paralysis (5)
 J - a wand of enslavement (26)
 K - a wand of disintegration (18)
Scrolls
 e - 3 scrolls of fear
 k - 2 scrolls of fog
 m - 7 scrolls of teleportation
 y - 5 scrolls of amnesia
 B - 3 scrolls of magic mapping
 N - a scroll of brand weapon
 Q - a scroll of identify
Potions
 a - a potion of brilliance
 d - a potion of lignification
 l - 3 potions of haste
 n - 3 potions of flight
 p - 2 potions of berserk rage
 t - 2 potions of magic
 x - 3 potions of curing
 F - 2 potions of invisibility
 G - a potion of cancellation
 I - a potion of agility
Books
 M - a manual of Armour
Comestibles
 f - 50 rations


   Skills:
 + Level 13.9(18.9) Fighting
 - Level 17.0(22.0) Maces & Flails
 + Level 16.3(21.3) Armour
 - Level 15.0(20.0) Shields


You had 15 spell levels left.
You didn't know any spells.

Dungeon Overview and Level Annotations

Branches:
Dungeon (10/15)            Temple (0/1) D:5            Lair (6/6) D:8
 Shoals (0/4) Lair:2        Snake (3/4) Lair:3        Slime (0/5) Lair:5
    Orc (2/2) D:9             Elf (0/3) Orc:2

Altars:
Ashenzari
Elyvilon
Gozag
Hepliaklqana
Nemelex Xobeh
Okawaru
Trog
Uskayaw
Yredelemnul
The Shining One
Beogh
Jiyva

Shops:
D:7 *   D:8 *   D:10 *   Orc:2 [}?%

Portals:
Pandemonium: Orc:2

Annotations:
Lair:6 exclusion: oklob plant
Snake:3 Asterion


Innate Abilities, Weirdness & Mutations

You are resistant to torment.
((Your stone body is resilient. (AC +12)))
You are immune to poison.
((Your large and strong wings let you fly indefinitely.))
You resist negative energy. (rN+)
((You are resistant to electric shocks. (rElec)))
((You can survive without breathing.))
You are immune to petrification.
You are immune to rotting.
Your magical capacity is low. (-10% MP)
Potions are less effective at restoring your health.


Message History

You block Asterion's attack. You block the naga mage's attack.
The naga closely misses you. The naga constricts you.
You block the guardian serpent's attack.
Asterion hits you with a demon whip of electrocution.
* * * LOW HITPOINT WARNING * * *
Asterion gores you but does no damage.
The naga mage hits you but does no damage.
The cacodemon hits you but does no damage. x2
You turn into a tree.
Your scarf of cloud immunity melds into your body.
Your +2 helmet of see invisible melds into your body.
Your +0 pair of gloves melds into your body.
The +10 plate armour "Qitam" {+Blink rElec MR+} melds into your body.
You feel vulnerable to the effects of clouds.
You feel less perceptive.
Your roots penetrate the ground.
You block the guardian serpent's attack.
The salamander hits you from afar with a glaive!
* * * LOW HITPOINT WARNING * * *
You are engulfed in flames!
You die...

###........
#.'........
#.#...#####
#.#...#
##.#...#
#..#...##
#..#....#
#.##NN.##
##..#♣2N#
#...#HS.#
###'#NN.#
####..##
#...#########
#....N.......
##....N......
##
#...........
.#
#...........


You could see Asterion, a cacodemon, 2 salamanders, a guardian serpent, 2 naga
magi and a naga.

Vanquished Creatures
  Vashnia (Snake:1)
  Gastronok (D:8)
  Aizul (Snake:2)
  A stone giant (Orc:1)
  A dire elephant (Lair:6)
  Josephine (Snake:1)
  The ghost of komo4ek the Arsonist, a journeyman DrFE of Vehumet (Lair:1)
  2 naga warriors
  6 anacondas
  A merfolk avatar (Lair:6)
  A catoblepas (Lair:4)
  14 death yaks
  2 two-headed ogres
  5 naga sharpshooters
  7 orc high priests
  3 shock serpents
  A sun demon (Orc:2)
  2 unseen horrors (Lab)
  A gelid demonspawn (Orc:2)
  2 sea snakes (Lair:6)
  An infernal demonspawn (Orc:2)
  A lindwurm (Lair:6)
  6 naga ritualists
  A harpy (Lair:6)
  4 orc knights (Orc:2)
  The ghost of Dirtsage the Skirmisher, a novice DsFi (D:5)
  7 orc sorcerers
  5 mana vipers (Snake:1)
  12 elephants
  9 naga magi
  Joseph (D:10)
  39 black mambas
  2 salamanders (Snake:2)
  A gargoyle (D:10)
  8 spiny frogs
  An orange demon (Orc:2)
  4 rime drakes
  4 komodo dragons
  A hellwing (Orc:2)
  4 trolls
  3 polar bears
  A hornet (Lair:6)
  Prince Ribbit (D:9)
  4 blink frogs (Lair:2)
  5 dream sheep (Lair:6)
  8 hippogriffs
  A spriggan (Lair:3)
  2 ynoxinuls (Orc:2)
  5 wraiths (Snake:1)
  4 wyverns
  2 basilisks
  29 yaks
  A steam dragon (D:8)
  2 humans
  4 hogs (D:6)
  2 insubstantial wisps (D:8)
  24 nagas
  A warg (Orc:2)
  15 water moccasins
  9 porcupines
  An ice beast (D:10)
  30 orc warriors
  9 sky beasts
  4 ogres
  3 phantoms
  9 wolves
  A centaur (D:7)
  6 crocodiles
  12 bullfrogs
  3 scorpions
  3 wights
  An electric eel (Lair:5)
  2 crimson imps
  A bullfrog zombie (D:6)
  2 centaur zombies
  A centaur skeleton (D:5)
  3 hounds
  2 jellies (D:9)
  28 orc priests
  9 orc wizards
  2 human skeletons (D:6)
  An iguana (D:9)
  4 worker ants
  A hound zombie (D:10)
  10 adders
  10 gnolls
  2 shadow imps
  An ooze (D:1)
  An adder skeleton (D:9)
  4 worms
  A dart slug (D:1)
  2 leopard geckos
  76 orcs
  3 giant cockroaches
  6 goblins
  3 hobgoblins
  21 jackals
  9 kobolds
  3 quokkas
  8 bats
  3 frilled lizards
  A leopard gecko skeleton (D:8)
  5 rats
  A fungus (Lair:3)
  22 plants
619 creatures vanquished.

Vanquished Creatures (others)
  A sky beast (D:8)
  10 fungi (Lair:6)
  12 plants
23 creatures vanquished.

Grand Total: 642 creatures vanquished

Notes
Turn   | Place    | Note
-------+----------+-------------------------------------------
     0 | D:1      | nuthulu the Gargoyle Fighter began the quest for the Orb.
     0 | D:1      | Reached XP level 1. HP: 14/14 MP: 1/1
   222 | D:1      | Reached XP level 2. HP: 19/19 MP: 2/2
   728 | D:1      | Reached XP level 3. HP: 23/23 MP: 3/3
  1069 | D:2      | Reached skill level 3 in Maces & Flails
  1333 | D:2      | Found an opulent altar of Gozag.
  1673 | D:3      | Reached XP level 4. HP: 28/28 MP: 4/4
  2551 | D:3      | Found a sparkling altar of Nemelex Xobeh.
  2959 | D:4      | Reached skill level 5 in Shields
  2959 | D:4      | Reached XP level 5. HP: 29/32 MP: 5/5
  3176 | D:4      | Noticed a phantom
  3206 | D:4      | Killed a phantom
  3206 | D:4      | Reached skill level 4 in Maces & Flails
  3346 | D:4      | Reached XP level 6. HP: 37/37 MP: 6/6
  3538 | D:4      | Noticed a phantom
  3563 | D:4      | Killed a phantom
  3804 | D:4      | Found a glowing golden altar of the Shining One.
  4172 | D:5      | Entered Level 5 of the Dungeon
  4172 | D:5      | Noticed a sky beast
  4212 | D:5      | Killed a sky beast
  4212 | D:5      | Reached skill level 5 in Maces & Flails
  4269 | D:5      | Reached XP level 7. HP: 34/41 MP: 7/7
  4484 | D:5      | Found a hide-covered altar of Uskayaw.
  4533 | D:5      | Found a white marble altar of Elyvilon.
  4642 | D:5      | Found a shattered altar of Ashenzari.
  4643 | D:5      | Found a basalt altar of Yredelemnul.
  4645 | D:5      | Found an iron altar of Okawaru.
  4645 | D:5      | Found a bloodstained altar of Trog.
  4652 | D:5      | Became a worshipper of Warmaster Okawaru
  4685 | D:5      | Found a sand-covered staircase.
  4685 | D:5      | Noticed Dirtsage's ghost (novice DsFi)
  4718 | D:5      | Killed Dirtsage's ghost
  4718 | D:5      | Reached skill level 6 in Maces & Flails
  4718 | D:5      | Reached XP level 8. HP: 23/46 MP: 8/8
  5002 | D:5      | Reached skill level 7 in Maces & Flails
  5215 | D:5      | Found a staircase to the Ecumenical Temple.
  5576 | D:6      | Reached * piety under Okawaru
  5709 | D:6      | Found a runed door.
  5711 | D:6      | Found a basalt altar of Yredelemnul.
  6172 | D:7      | Reached skill level 8 in Maces & Flails
  6258 | D:6      | Reached XP level 9. HP: 30/51 MP: 9/9
  6674 | D:7      | Reached ** piety under Okawaru
  6674 | D:7      | Reached skill level 10 in Shields
  6793 | D:6      | Reached skill level 9 in Maces & Flails
  7527 | D:7      | Found Aaochesi's Alliterative Accessories.
  7788 | D:8      | Found a staircase to the Lair.
  7788 | D:8      | Noticed a death yak
  7788 | D:8      | Noticed a death yak
  7827 | D:7      | Killed a death yak
  7827 | D:7      | Reached *** piety under Okawaru
  7827 | D:7      | Reached skill level 10 in Maces & Flails
  7827 | D:7      | Reached XP level 10. HP: 48/56 MP: 7/10
  8003 | D:7      | Killed a death yak
  8003 | D:7      | Reached **** piety under Okawaru
  8260 | D:8      | Noticed a death yak
  8261 | D:8      | Noticed a death yak
  8262 | D:8      | Noticed a death yak
  8263 | D:8      | Noticed a death yak
  8312 | D:6      | Killed a death yak
  8312 | D:6      | Reached skill level 11 in Maces & Flails
  8408 | D:7      | Killed a death yak
  8408 | D:7      | Reached ***** piety under Okawaru
  8424 | D:7      | Killed a death yak
  8536 | D:8      | Noticed a death yak
  8547 | D:7      | Killed a death yak
  8547 | D:7      | Reached XP level 11. HP: 30/60 MP: 11/11
  8708 | D:7      | Killed a death yak
  8887 | D:8      | Found Ceex's General Store.
  8892 | D:8      | Bought a +0 plate armour for 253 gold pieces
  8991 | D:8      | Reached skill level 12 in Maces & Flails
  9474 | D:9      | Noticed Gastronok
  9487 | D:8      | Killed Gastronok
  9487 | D:8      | Received a gift from Okawaru
 10179 | D:9      | Found a roughly hewn altar of Beogh.
 10179 | D:9      | Found a staircase to the Orcish Mines.
 10509 | D:9      | Noticed Prince Ribbit
 10516 | D:9      | Killed Prince Ribbit
 10664 | D:10     | Entered Level 10 of the Dungeon
 10690 | D:10     | Reached skill level 13 in Maces & Flails
 10696 | D:10     | Found Zumawk's General Store.
 11016 | D:10     | Reached XP level 12. HP: 64/64 MP: 12/12
 11036 | D:10     | Noticed a two-headed ogre
 11049 | D:10     | Killed a two-headed ogre
 11065 | D:10     | Reached ****** piety under Okawaru
 11203 | D:10     | Noticed Joseph
 11219 | D:10     | Killed Joseph
 11351 | Lair:1   | Entered Level 1 of the Lair of Beasts
 11351 | Lair:1   | Noticed komo4ek's ghost (journeyman DrFE)
 11390 | Lair:1   | Killed komo4ek's ghost
 11935 | Lair:1   | Received a gift from Okawaru
 11969 | Lair:1   | Reached skill level 15 in Shields
 12178 | Lair:1   | Reached skill level 14 in Maces & Flails
 12725 | Lair:2   | Found a staircase to the Shoals.
 13482 | Lair:3   | Gained mutation: Your magical capacity is low. (-10% MP) [potion of mutation]
 13482 | Lair:3   | Gained mutation: You are resistant to hostile enchantments. (MR+) [potion of mutation]
 13482 | Lair:3   | Gained mutation: You have a pair of small horns on your head. [potion of mutation]
 13482 | Lair:3   | Gained mutation: You are partially covered in iridescent scales. (AC +2) [potion of mutation]
 13483 | Lair:3   | Lost mutation: You have a pair of small horns on your head. [potion of mutation]
 13483 | Lair:3   | Lost mutation: You are resistant to hostile enchantments. (MR+) [potion of mutation]
 13483 | Lair:3   | Lost mutation: You are partially covered in iridescent scales. (AC +2) [potion of mutation]
 13483 | Lair:3   | Gained mutation: Your muscles are strong. (Str +2) [potion of mutation]
 13483 | Lair:3   | Gained mutation: Potions are less effective at restoring your health. [potion of mutation]
 13483 | Lair:3   | Gained mutation: You have sharp toenails. [potion of mutation]
 13484 | Lair:3   | Lost mutation: You have sharp toenails. [potion of mutation]
 13484 | Lair:3   | Lost mutation: Your magical capacity is low. (-10% MP) [potion of mutation]
 13484 | Lair:3   | Gained mutation: Your magical capacity is low. (-10% MP) [potion of mutation]
 13484 | Lair:3   | Gained mutation: You are robust. (+10% HP) [potion of mutation]
 13677 | Lair:3   | Found a staircase to the Snake Pit.
 13728 | Lair:3   | Reached skill level 15 in Maces & Flails
 13775 | Lair:3   | Received a gift from Okawaru
 14239 | Lair:3   | Reached XP level 13. HP: 72/74 MP: 11/11
 14753 | Lair:4   | Reached skill level 16 in Maces & Flails
 15271 | Lair:5   | Found a staircase to the Slime Pits.
 15271 | Lair:5   | Found a viscous altar of Jiyva.
 15435 | Lair:5   | Got a brightly glowing hat
 15436 | Lair:5   | Identified the cursed +0 hat of Vihoa {*Corrode +Fly Str-4 SInv} (You found it on level 5 of the Lair of Beasts)
 15995 | Lair:6   | Entered Level 6 of the Lair of Beasts
 16424 | Lair:5   | Received a gift from Okawaru
 16424 | Lair:5   | Reached skill level 17 in Maces & Flails
 16692 | Lair:6   | Noticed a dire elephant
 16746 | Lair:6   | Killed a dire elephant
 16746 | Lair:6   | Reached skill level 5 in Fighting
 16746 | Lair:6   | Reached skill level 5 in Armour
 16957 | Lair:6   | Gained mutation: Your large and strong wings let you fly indefinitely. [Gargoyle growth]
 16957 | Lair:6   | Reached XP level 14. HP: 82/88 MP: 12/12
 17179 | Lair:6   | Received a gift from Okawaru
 17182 | Lair:6   | Got an encrusted plate armour {god gift}
 17183 | Lair:6   | Identified the +10 plate armour "Qitam" {+Blink rElec MR+} (Okawaru gifted it to you on level 6 of the Lair of Beasts)
 17873 | Orc:1    | Entered Level 1 of the Orcish Mines
 17919 | Orc:1    | Paralysed by an orc sorcerer for 6 turns
 18426 | Orc:2    | Entered Level 2 of the Orcish Mines
 18649 | Orc:2    | Found a labyrinth entrance.
 18685 | Lab      | Entered a labyrinth
 19066 | Lab      | Found an exit through the horrors of the Abyss.
 21788 | Lab      | Found an exit through the horrors of the Abyss.
 21800 | Lab      | Took an exit into the Abyss.
 21800 | Abyss:1  | Escaped into the Abyss
 21800 | Abyss:1  | Found a corrupted altar of Lugonu.
 21803 | Orc:2    | Escaped the Abyss
 21825 | Orc:2    | Noticed a stone giant
 22367 | Orc:1    | Killed a stone giant
 22585 | Orc:2    | Found Qaogoekh's Magic Scroll Shoppe.
 22587 | Orc:2    | Found Otacvu's Food Emporium.
 22899 | Orc:2    | Found a staircase to the Elven Halls.
 23091 | Orc:2    | Received a gift from Okawaru
 23156 | Orc:2    | Reached skill level 10 in Fighting
 23156 | Orc:2    | Reached skill level 10 in Armour
 23706 | Orc:2    | Reached XP level 15. HP: 68/102 MP: 13/13
 23894 | Orc:2    | Found Modiohum's Gadget Boutique.
 23894 | Orc:2    | Found Cumiod's Antique Armour Shop.
 23895 | Orc:2    | Found a one-way gate leading to the halls of Pandemonium.
 24144 | D:7      | Bought a manual of Armour for 1545 gold pieces
 24210 | Snake:1  | Entered Level 1 of the Snake Pit
 25200 | Snake:1  | Received a gift from Okawaru
 25556 | Snake:1  | Noticed Josephine
 25566 | Snake:1  | Killed Josephine
 25866 | Snake:2  | Found a hazy altar of Hepliaklqana.
 25867 | Snake:2  | Noticed Vashnia
 25917 | Snake:1  | Killed Vashnia
 26435 | Snake:2  | Reached skill level 15 in Armour
 26692 | Snake:2  | Reached XP level 16. HP: 113/114 MP: 14/14
 26986 | Snake:2  | Received a gift from Okawaru
 27254 | Snake:2  | Noticed Aizul
 27272 | Snake:2  | Killed Aizul
 27974 | Snake:3  | Noticed Asterion
 27990 | Snake:3  | Lost mutation: Your muscles are strong. (Str +2) [a cacodemon]
 27991 | Snake:3  | Lost mutation: You are robust. (+10% HP) [a cacodemon]
 27992 | Snake:3  | HP: 1/105 [naga mage/spear (7)]
 27994 | Snake:3  | Slain by a salamander

Skill      XL: |  1  2  3  4  5  6  7  8  9 10 11 12 13 14 15 16 |
---------------+-------------------------------------------------+-----
Shields        | 4 5 6 7 9 11 12 14 15 | 15.0
Maces & Flails | 3 4 5 6 8 10 11 13 15 17 | 17.0
Fighting       | 6 10 13 | 13.9
Armour         | 6 10 15 16 | 16.3

Action                   |  1- 3 |  4- 6 |  7- 9 | 10-12 | 13-15 | 16-18 || total
-------------------------+-------+-------+-------+-------+-------+-------++-------
Melee: Flail             |   124 |   134 |       |       |       |       ||   258
       Morningstar       |       |    81 |   382 |   667 |  1316 |   138 ||  2584
Invok: Heroism           |       |       |     1 |     4 |     4 |     1 ||    10
 Abil: Fly               |       |       |       |       |     1 |       ||     1
       Evoke Blink       |       |       |       |       |       |     1 ||     1
Evoke: Wand              |       |       |       |     1 |       |       ||     1
  Use: Scroll            |     9 |     4 |     4 |    11 |     6 |     3 ||    37
       Potion            |       |       |     8 |     4 |     1 |     2 ||    15
  Eat: Chunk             |     3 |     8 |    12 |    18 |    39 |     9 ||    89
       Ration            |       |       |       |     1 |     2 |       ||     3
Armor: Scale mail        |    69 |   144 |   124 |    22 |       |       ||   359
       Skin              |       |       |    23 |       |       |       ||    23
       Plate armour      |       |       |       |   192 |   501 |    95 ||   788
       Crystal plate arm |       |       |       |       |    56 |       ||    56
Dodge: Dodged            |    41 |    50 |    71 |    59 |   205 |    30 ||   456
Block: Shield            |    72 |   139 |   259 |   420 |  1037 |   119 ||  2046
